 Dungeon Crawl Stone Soup version 0.22-a0-274-gf8199ec (webtiles) character file.

18 Amnesiac the Magician (level 2, 0/21 HPs)
             Began as a Mummy Wizard on Mar 13, 2018.
             Slain by a leopard gecko (4 damage)
             ... on level 1 of the Dungeon.
             The game lasted 00:01:16 (658 turns).

Amnesiac the Magician (Mummy Wizard)                 Turns: 658, Time: 00:01:17

Health: 0/21       AC:  2    Str: 10    XL:     2   Next: 48%
Magic:  4/7        EV: 12    Int: 17    God:
Gold:   73         SH:  0    Dex: 10    Spells: 8/9 levels left

rFire    x . .     SeeInvis .   f - +0 hunting sling
rCold    + . .     Gourm    .   (no shield)
rNeg     + + +     Faith    .   a - +0 robe
rPois    ∞         Spirit   .   b - +0 hat
rElec    .         Reflect  .   (no cloak)
rCorr    .         Harm     .   (no gloves)
MR       .....                  (no boots)
Stlth    ++........             (no amulet)
HPRegen  0.07/turn              (no ring)
MPRegen  0.10/turn              (no ring)

@: no status effects
A: no food or potions, fire vulnerability, cold resistance 1, negative energy
resistance 3, torment resistance, unbreathing
a: no special abilities


You were on level 1 of the Dungeon.
You were not hungry.

You visited 1 branch of the dungeon, and saw 1 of its levels.

You collected 73 gold pieces.

Inventory:

Hand Weapons
 f - a +0 hunting sling (weapon)
Missiles
 g - 43 stones (quivered)
Armour
 a - a +0 robe (worn)
 b - a +0 hat (worn)
 c - a +0 pair of boots
Scrolls
 d - a scroll of identify {!r, unknown}
 e - a scroll of enchant armour {!r, unknown}
 h - a scroll of fog {!r, unknown}
 i - a scroll of teleportation {!r, unknown}


   Skills:
 + Level 1.0 Fighting
 * Level 2.2 Dodging
 - Level 1.5 Stealth
 - Level 4.0 Spellcasting
 - Level 1.0 Conjurations
   Level 0.7 Summonings
   Level 0.7 Translocations


You had 8 spell levels left.
You knew the following spells:

 Your Spells              Type           Power        Failure   Level  Hunger
a - Magic Dart            Conj           #...         10%         1    N/A

Dungeon Overview and Level Annotations

Branches:
Dungeon (1/15)

Altars:


Innate Abilities, Weirdness & Mutations

You do not eat or drink.
Your flesh is vulnerable to fire.
You are immune to poison.
Your flesh is cold resistant. (rC+)
You are immune to negative energy. (rN+++)
You are immune to unholy pain and torment.
You can survive without breathing.


Message History

Firing (i - inventory)
g - 48 stones (quivered)
Press: ? - help, Shift-Dir - straight line, f/p - leopard gecko
Aim: a leopard gecko (moderately wounded, clinging)
You shoot a stone.
The stone closely misses the leopard gecko.
The leopard gecko closely misses you. The leopard gecko bites you.
A leopard gecko is nearby!
Firing (i - inventory)
g - 47 stones (quivered)
Press: ? - help, Shift-Dir - straight line, f/p - leopard gecko
Aim: a leopard gecko (moderately wounded, clinging)
You shoot a stone. The stone misses the leopard gecko.
The leopard gecko bites you.
A leopard gecko is nearby!
Firing (i - inventory)
g - 46 stones (quivered)
Press: ? - help, Shift-Dir - straight line, f/p - leopard gecko
Aim: a leopard gecko (moderately wounded, clinging)
You shoot a stone.
The stone barely misses the leopard gecko.
The leopard gecko barely misses you.
The leopard gecko hisses menacingly.
The leopard gecko bites you.
A leopard gecko is nearby!
A leopard gecko is nearby!
Firing (i - inventory)
g - 45 stones (quivered)
Press: ? - help, Shift-Dir - straight line, f/p - leopard gecko
Aim: a leopard gecko (moderately wounded, clinging)
You shoot a stone. The stone misses the leopard gecko.
The leopard gecko bites you.
* * * LOW HITPOINT WARNING * * *
A leopard gecko is nearby!
Firing (i - inventory)
g - 44 stones (quivered)
Press: ? - help, Shift-Dir - straight line, f/p - leopard gecko
Aim: a leopard gecko (moderately wounded, clinging)
You shoot a stone.
The stone hits the leopard gecko but does no damage.
The leopard gecko is moderately wounded.
The leopard gecko bites you.
* * * LOW HITPOINT WARNING * * *
The leopard gecko barely misses you.
Casting: Magic Dart (safe; 10% risk of failure)
Confirm with . or Enter, or press ? or * to list all spells.
Aiming: Magic Dart (safe; 10% risk of failure)
Press: ? - help, Shift-Dir - straight line, f/p - leopard gecko
Aim: a leopard gecko (moderately wounded, clinging)
The magic dart hits the leopard gecko.
The leopard gecko is heavily wounded.
The leopard gecko bites you but does no damage.
Casting: Magic Dart (safe; 10% risk of failure)
Confirm with . or Enter, or press ? or * to list all spells.
Aiming: Magic Dart (safe; 10% risk of failure)
Press: ? - help, Shift-Dir - straight line, f/p - leopard gecko
Aim: a leopard gecko (heavily wounded, clinging)
The magic dart hits the leopard gecko.
The leopard gecko is almost dead.
The leopard gecko barely misses you.
Casting: Magic Dart (safe; 10% risk of failure)
Confirm with . or Enter, or press ? or * to list all spells.
Aiming: Magic Dart (safe; 10% risk of failure)
Press: ? - help, Shift-Dir - straight line, f/p - leopard gecko
Aim: a leopard gecko (almost dead, clinging)
The magic dart hits the leopard gecko.
The leopard gecko is almost dead.
The leopard gecko bites you.
You die...

...........#..#...#..#...#.#
......#.......#...#..#...#.#
#........###.##...#..#.<.#.#
#............##...#..#...#.#
#..........#'##...####...#.#
..............##'######'##.#
.........#.......##..##....#
.........#.................#
.........#...#..@##..##...##
.#...##..#...###l##########
......#.......#..(
......#.....>.#...#
......#.......#.>.#
......#.......#...#.
......#.......#.(.#..#
......#.......#####..#
...............# ##.#


You could see a leopard gecko.

Vanquished Creatures
  3 leopard geckos (D:1)
  A giant cockroach (D:1)
  A goblin (D:1)
  4 hobgoblins (D:1)
  2 kobolds (D:1)
  A rat (D:1)
12 creatures vanquished.

Notes
Turn   | Place    | Note
-------+----------+-------------------------------------------
     0 | D:1      | Amnesiac the Mummy Wizard began the quest for the Orb.
     0 | D:1      | Reached XP level 1. HP: 13/13 MP: 5/5
    92 | D:1      | Reached skill level 1 in Conjurations
   163 | D:1      | Reached XP level 2. HP: 20/20 MP: 2/7
   494 | D:1      | Reached skill level 1 in Fighting
   658 | D:1      | Slain by a leopard gecko

Vault maps used:
D:1:      dpeg_arrival_houses_and_road

Skill      XL: |  1  2 |
---------------+-------+-----
Conjurations   | 1 |  1.0
Dodging        | 2 |  2.2
Fighting       | 1 |  1.0
Stealth        | |  1.5
Spellcasting   | |  4.0
Summonings     | |  0.7
Translocations | |  0.7

Action                   || total
-------------------------++-------
 Fire: Hunting sling     ||    23
 Cast: Magic Dart        ||    24
Armor: Robe              ||     1
Dodge: Dodged            ||     7

Table legend:
 A = Spawn XP
 B = Non-spawn XP
 C = Spawn XP percentage of total XP
 D = Spawn monster count
 E = Non-spawn monster count
 F = Spawn count percentage of total count
 G = Total turns spent on level
                    A         B        C        D         E        F      G
               +---------+---------+-------+---------+---------+-------+---------
         Total |       0 |      26 |   0.0 |       0 |      12 |   0.0 |   658
               +---------+---------+-------+---------+---------+-------+---------
           D:1 |       0 |      26 |   0.0 |       0 |      12 |   0.0 |   658
               +---------+---------+-------+---------+---------+-------+---------
